 Dungeon Crawl Stone Soup version 0.27-a0-1137-g3ef0f4ec91 (webtiles) character file.

Game seed: 11445183829229868200

35 kae the Skirmisher (level 3, 0/29 HPs)
             Began as a Demonspawn Abyssal Knight on May 6, 2021.
             Was a Follower of Lugonu.
             Slain by a kobold
             ... wielding a +0 short sword
              (4 damage)
             ... on level 2 of the Dungeon.
             The game lasted 00:01:06 (1617 turns).

kae the Skirmisher (Demonspawn Abyssal Knight)      Turns: 1617, Time: 00:01:06

Health: 0/29       AC:  3    Str: 13    XL:     3   Next: 16%
Magic:  5/5        EV: 13    Int: 13    God:    Lugonu [*.....]
Gold:   7          SH:  0    Dex: 12    Spells: 2/2 levels left

rFire    . . .     SeeInvis .   a - +1 falchion
rCold    . . .     Faith    .   (no shield)
rNeg     . . .     Spirit   .   b - +0 leather armour
rPois    .         Reflect  .   (no helmet)
rElec    .         Harm     .   (no cloak)
rCorr    .         Rampage  .   (no gloves)
Will     .....                  (no boots)
Stlth    +.........             (no amulet)
HPRegen  0.09/turn              (no ring)
MPRegen  0.09/turn              (no ring)

@: no status effects
A: hooves 1, repulsion field 1
a: Renounce Religion, Depart the Abyss


You were on level 2 of the Dungeon.
You worshipped Lugonu.
Lugonu was aware of your devotion.
You visited 1 branch of the dungeon, and saw 2 of its levels.
You visited the Abyss 1 time.

You collected 49 gold pieces.
You spent 42 gold pieces at shops.

Inventory:

Hand Weapons
 a - a +1 falchion (weapon)
Armour
 b - a +0 leather armour (worn)
Jewellery
 c - an amulet of regeneration
Potions
 d - a potion of curing
 f - a potion of invisibility


   Skills:
 + Level 3.3 Fighting
 * Level 2.5 Long Blades
 - Level 1.9 Armour
 - Level 1.1 Dodging
 + Level 3.0 Invocations


You had 2 spell levels left.
You didn't know any spells.
Your spell library was empty.

Dungeon Overview and Level Annotations

Branches:
Dungeon (2/15)

Altars:
Vehumet

Shops:
D:2 !


Innate Abilities, Weirdness & Mutations

You have large cloven feet.
You are surrounded by a mild repulsion field. (EV +2)


Message History

There are monsters nearby!
You are too injured to fight recklessly!
You are too injured to fight recklessly!
There are monsters nearby!
You are too injured to fight recklessly!
You are too injured to fight recklessly!
You closely miss the goblin. The kobold barely misses you.
The goblin hits you but does no damage. The kobold barely misses you.
The goblin zaps a wand.
Some rock shatters into small pieces.
The kobold closely misses you. The goblin hits you with a +0 club.
The kobold hits you with a +0 short sword.
* * * LOW HITPOINT WARNING * * *
The goblin zaps a wand.
Some rock shatters into small pieces.
The kobold barely misses you.
You closely miss the kobold. Your kick misses the kobold.
The kobold misses you.
You riposte.
You closely miss the kobold. You completely miss the kobold.
You kick the kobold, but do no damage.
The goblin zaps a wand.
Some rock shatters into small pieces.
The kobold hits you with a +0 short sword.
* * * LOW HITPOINT WARNING * * *
You closely miss the kobold. Your kick misses the kobold.
The kobold closely misses you.
You hit the kobold.
The kobold is severely wounded.
The kobold completely misses you.
Okay, then.
There is an open door here.
You slash the goblin!
You kill the goblin!
Lugonu accepts your kill. The kobold closely misses you.
You closely miss the kobold. Your kick misses the kobold.
The kobold is severely wounded.
The kobold hits you with a +0 short sword.
* * * LOW HITPOINT WARNING * * *
The kobold barely misses you.
You completely miss the kobold. You kick the kobold, but do no damage.
The kobold is severely wounded.
The kobold hits you with a +0 short sword.
You die...

#....#.# #..# #(# #
.#....#.####..#.#####
#.....#.......#...... #
.#.....######.#######.
.. ......# #.......#.
##.##....#######..###.#.
....................#.##
.......#K.####.##...#.#
.......@)...........#.##
.......##....####.......
##+#........#.#...#.#.##
.........##.........#
#........###.#####.###
#........# #.......#
#........# #########
#........# .......


You could see a kobold.

Vanquished Creatures
  2 dart slugs (D:1)
  2 ball pythons (D:1)
  4 bats (D:1)
  5 endoplasms (D:1)
  5 goblins
  A hobgoblin (D:1)
  2 jackals (D:1)
  A quokka (D:1)
  2 frilled lizards (D:1)
  A kobold (D:1)
  2 rats
27 creatures vanquished.

Vanquished Creatures (others)
  4 foxfires (Abyss:1)
4 creatures vanquished.

Grand Total: 31 creatures vanquished

Notes
Turn   | Place    | Note
-------+----------+-------------------------------------------
     0 | Abyss:1  | kae the Demonspawn Abyssal Knight began the quest for the
                  | Orb.
     0 | Abyss:1  | Reached XP level 1. HP: 18/18 MP: 2/2
    69 | Abyss:1  | Noticed a will-o-the-wisp
    89 | D:1      | Escaped the Abyss
   139 | D:1      | Reached skill level 1 in Dodging
   197 | D:1      | Gained mutation: You are surrounded by a mild repulsion
                  | field. (EV +2) [demonic ancestry]
   197 | D:1      | Reached XP level 2. HP: 14/24 MP: 3/3
   349 | D:1      | Reached * piety under Lugonu
   994 | D:1      | Gained mutation: You have large cloven feet. [demonic
                  | ancestry]
   994 | D:1      | Reached XP level 3. HP: 18/29 MP: 5/5
  1260 | D:1      | Found a faded altar of an unknown god.
  1530 | D:2      | Found Fidagg Ennah's Distillery.
  1535 | D:2      | Bought a potion of curing for 42 gold pieces
  1546 | D:2      | Found a radiant altar of Vehumet.
  1617 | D:2      | Slain by a kobold

Illustrated notes

Levels and vault maps discovered:
D:1:      giann_forest_graveyard, layout_basic,
          shapermc_ecumenical_altar_mp_vishouse
D:2:      layout_basic, serial_shops, shop, basic_altar, nrook_campfire

Skill      XL: |  1  2 |
---------------+-------+-----
Dodging        | 1 |  1.1
Long Blades    | 2 |  2.5
Invocations    | 3 |  3.0
Fighting       | |  3.3
Armour         | |  1.9

Action                   || total
-------------------------++-------
Melee: Falchion          ||    77
       Kick              ||     5
Invok: Depart the Abyss  ||     1
  Use: Scroll            ||     2
 Stab: Sleeping          ||     2
Armor: Leather armour    ||    18
Dodge: Dodged            ||    56
       Rpst.: Falchion   ||    13

Table legend: (Time is in decaauts)
 A = Elapsed time spent in this place.
 B = Non-inter-level travel time spent in this place.
 C = Inter-level travel time spent in this place.
 D = Time resting spent in this place.
 E = Time spent auto-exploring this place.
 F = Levels seen in this place.
 G = Mean time per level.
                   A        B        C        D        E       F      G
               +--------+--------+--------+--------+--------+-----+--------+
         Total |   1633 |   1595 |     38 |      0 |   1387 |   3 |  544.3 |
       Dungeon |   1542 |   1504 |     38 |      0 |   1318 |   2 |  771.0 |
         Abyss |     91 |     91 |      0 |      0 |     69 |   1 |   91.0 |
               +--------+--------+--------+--------+--------+-----+--------+

Top non-repeatable levels by time:
     D:1: 1416 daAuts
     D:2: 125 daAuts
 Abyss:1: 91 daAuts
